 Seeded DCSS version 0.31-a0-237-g2d982f9f85 (webtiles) character file.

Game seed: 17534068631569876614 (custom seed)

35 innerfire43 the Trooper (level 3, -4/29 HPs)
             Began as a Demonspawn Monk on July 11, 2023.
             Slain by Terence
             ... wielding a +0 heavy falchion
              (10 damage)
             ... on level 2 of the Dungeon.
             The game lasted 00:01:08 (685 turns).

innerfire43 the Trooper (Demonspawn Monk)            Turns: 685, Time: 00:01:09

Health: -4/29      AC:  2    Str: 13    XL:     3   Next: 16%
Magic:  3/3        EV:  8    Int: 11    God:
Gold:   43         SH:  0    Dex: 15    Spells: 2/2 levels left

rFire   . . .        a - +0 hand axe
rCold   . . .        j - +0 tower shield
rNeg    . . .        b - +0 robe
rPois   .            (no helmet)
rElec   .            (no cloak)
rCorr   .            (no gloves)
SInv    +            (no boots)
Will    .....        l - amulet of the acrobat
Stlth   +            g - ring of see invisible
HPRegen 0.24/turn    (no ring)
MPRegen 0.08/turn

%: acrobat
@: confused, ambrosia-drunk
A: demonic magic 1
a: no special abilities


You were on level 2 of the Dungeon.
You visited 1 branch of the dungeon, and saw 2 of its levels.

You collected 43 gold pieces.

Inventory:

Hand Weapons
 a - a +0 hand axe (weapon)
Armour
 b - a +0 robe (worn)
 d - an orb of light
 j - a +0 tower shield (worn)
Jewellery
 g - a ring of see invisible (left hand)
 l - an amulet of the acrobat (around neck)
Scrolls
 e - 2 scrolls of amnesia {unknown}
 f - a scroll of identify {unknown}
 h - 2 scrolls of immolation {unknown}
 k - a scroll of noise {unknown}
Potions
 i - 2 potions of haste {unknown}


   Skills:
 + Level 3.2 Fighting
 + Level 3.0(3.1) Axes
 + Level 1.0(2.1) Maces & Flails
 + Level 0.9 Armour
 + Level 2.9 Dodging
 * Level 0.0 Shields


You had 2 spell levels left.
You didn't know any spells.
Your spell library was empty.

Dungeon Overview and Level Annotations

Branches:
Dungeon (2/15)

Altars:

Annotations:
D:2 Terence


Innate Abilities, Weirdness & Mutations

Spells you cast may paralyse adjacent enemies.


Message History

The bat is moderately wounded.
The bat hits you but does no damage.
Unknown command.
You hit the bat.
You kill the bat!
Unknown command.
No target in view!
i - 2 fuming coppery potions (gained 1)
l - an amulet of the acrobat You start putting on your amulet.
You continue putting on your amulet of the acrobat. x5
HP restored.
You finish putting on your amulet of the acrobat.
You feel ready to tumble and roll out of harm's way.
l - an amulet of the acrobat (around neck) Terence and a frilled lizard come into view.
Terence is wielding a +0 heavy falchion.
Found 6 stones.
Terence shouts!
The frilled lizard moves out of view.
Terence is nearby!
You block the frilled lizard's attack. Terence closely misses you.
You hit Terence.
Terence is lightly wounded.
You closely miss the frilled lizard. The frilled lizard bites you.
Terence hits you with a +0 heavy falchion!
Ouch! That really hurt!
You hit Terence but do no damage.
Terence is lightly wounded.
You closely miss the frilled lizard. The frilled lizard bites you.
* * * LOW HITPOINT WARNING * * *
The frilled lizard bites you.
* * * LOW HITPOINT WARNING * * *
Terence hits you with a +0 heavy falchion.
* * * LOW HITPOINT WARNING * * *
You are confused.
You feel invigorated.
The frilled lizard completely misses you.
Terence hits you with a +0 heavy falchion!
You die...

.. ### #.#####..
###.......
#.(......### ..
##..#....... ...
##.........# ....
......@.l#.###....
#....@.#......#.##
#.......#........#
#.................
..########.......>..
.............#..?...
..........#.[#....#
.....#............##
.... #.............#
.## #......<......#


You could see Terence and a frilled lizard.

Vanquished Creatures
  2 dart slugs
  An endoplasm (D:1)
  A giant cockroach (D:1)
  4 goblins (D:1)
  3 hobgoblins (D:1)
  5 kobolds (D:1)
  2 quokkas (D:1)
  A ball python (D:1)
  3 bats
  3 frilled lizards (D:1)
  4 rats
29 creatures vanquished.

Notes
Turn   | Place    | Note
-------+----------+-------------------------------------------
     0 | D:1      | innerfire43 the Demonspawn Monk began the quest for the
                  | Orb.
     0 | D:1      | Reached XP level 1. HP: 18/18 MP: 1/1
    78 | D:1      | Gained mutation: Spells you cast may paralyse adjacent
                  | enemies. [demonic ancestry]
    78 | D:1      | Reached XP level 2. HP: 24/24 MP: 2/2
   369 | D:1      | Reached XP level 3. HP: 22/29 MP: 3/3
   658 | D:2      | Reached skill level 1 in Maces & Flails
   679 | D:2      | Noticed Terence
   684 | D:2      | HP: 1/29 [Terence/+0 heavy falchion (4)]
   685 | D:2      | Slain by Terence

Illustrated notes

Levels and vault maps discovered:
D:1:      shiori_arrival_maze, layout_rooms, minmay_misc_feat_diagonals,
          minmay_crystal_room
D:2:      layout_rooms, fountainhead, solitary_fountain, uniq_terence

Skill      XL: |  1  2  3 |
---------------+----------+-----
Axes           | 3 |  3.0
Maces & Flails | 1 |  1.0
Fighting       | |  3.2
Armour         | |  0.9
Dodging        | |  2.9

Action                     || total
---------------------------++-------
  Melee: Hand axe          ||    73
    Use: Potion            ||     1
   Stab: Sleeping          ||     2
 Armour: Robe              ||     8
  Dodge: Dodged            ||    40
  Block: Tower shield      ||    23

Table legend: (Time is in decaauts)
 A = Elapsed time spent in this place.
 B = Non-inter-level travel time spent in this place.
 C = Inter-level travel time spent in this place.
 D = Time resting spent in this place.
 E = Time spent auto-exploring this place.
 F = Levels seen in this place.
 G = Mean time per level.
                   A        B        C        D        E       F      G
               +--------+--------+--------+--------+--------+-----+--------+
         Total |    712 |    679 |     33 |      0 |    475 |   2 |  356.0 |
       Dungeon |    712 |    679 |     33 |      0 |    475 |   2 |  356.0 |
               +--------+--------+--------+--------+--------+-----+--------+

Top non-repeatable levels by time:
     D:1: 673 daAuts
     D:2: 39 daAuts
